 Dungeon Crawl Stone Soup version 0.25-a0-513-ge77a69270c (webtiles) character file.

Game seed: 15010448721478230066, levelgen mode: deterministic

23760 Esekla the Thaumaturge (level 12, -3/59 HPs)
             Began as a Deep Elf Wizard on Feb 15, 2020.
             Was the Champion of Qazlal.
             Slain by a spiny frog (11 damage)
             ... on level 8 of the Dungeon on Feb 16, 2020.
             The game lasted 04:45:04 (16807 turns).

Esekla the Thaumaturge (Deep Elf Wizard)           Turns: 16807, Time: 04:45:05

Health: -3/59      AC: 15    Str:  7    XL:     12   Next: 74%
Magic:  15/31      EV: 17    Int: 26    God:    Qazlal [******]
Gold:   1219       SH:  8    Dex: 13    Spells: 9/37 levels left

rFire    . . .     SeeInvis .   f - +5 scimitar (flame)
rCold    . . .     Gourm    .   (no shield)
rNeg     . . .     Faith    +   I - +2 robe {Archmagi}
rPois    +         Spirit   .   b - +0 hat
rElec    .         Reflect  .   w - +2 cloak {MR+}
rCorr    .         Harm     .   (no gloves)
MR       ++...                  G - +2 pair of boots {Stlth+}
Stlth    +.........             X - amulet of faith
HPRegen  0.19/turn              o - +2 ring of protection
MPRegen  0.22/turn              y - ring of wizardry

@: protected from physical damage, repel missiles
A: antennae 1, poison resistance
a: Upheaval, Elemental Force, Disaster Area, Renounce Religion


You were on level 8 of the Dungeon.
You worshipped Qazlal.
Qazlal was exalted by your worship.
You were not hungry.

You visited 3 branches of the dungeon, and saw 14 of its levels.
You also visited: Ossuary.

You collected 1513 gold pieces.
You spent 294 gold pieces at shops.

Inventory:

Hand Weapons
 f - a +5 scimitar of flaming (weapon)
 h - a +5 scimitar of holy wrath
 s - a +6 spear
 v - a +0 dagger of venom
 x - a +0 short sword of freezing
 B - a +1 spear of venom
Missiles
 u - 22 poisoned darts (quivered)
 D - 12 javelins
 E - 12 boomerangs
Armour
 b - a +0 hat (worn)
 w - a +2 cloak of magic resistance (worn)
 G - a +2 pair of boots of stealth (worn)
 I - a +2 robe of the Archmagi (worn)
Jewellery
 k - an uncursed ring of protection from fire
 o - a +2 ring of protection (left hand)
 y - a ring of wizardry (right hand)
 J - an uncursed amulet of guardian spirit
 K - an uncursed ring of fire
 P - an uncursed amulet of regeneration
 T - an uncursed ring of ice
 X - an amulet of faith (around neck)
Wands
 c - a wand of scattershot (16)
 F - a wand of flame (6)
 L - a wand of digging (6)
 S - a wand of polymorph (3)
 Z - a wand of iceblast (9)
Scrolls
 i - 6 scrolls of remove curse
 j - 2 scrolls of enchant armour
 l - 2 scrolls of teleportation
 n - 2 scrolls of noise
 C - a scroll of amnesia
 H - 3 scrolls of identify
 N - 6 scrolls of immolation
 O - a scroll of fog
 V - 2 scrolls of blinking {unknown}
Potions
 e - 4 potions of flight
 m - a potion of agility
 p - 6 potions of brilliance
 q - 2 potions of might
 r - 3 potions of curing
 t - a potion of cancellation
 z - 4 potions of ambrosia
 A - a potion of resistance
 M - a potion of magic
 Q - a potion of mutation
 R - a potion of haste
 W - a potion of invisibility
Comestibles
 d - 21 rations


   Skills:
 * Level 4.8(6.7) Short Blades
 * Level 6.4(7.1) Long Blades
 + Level 4.3 Throwing
 * Level 8.2 Dodging
 - Level 2.4 Stealth
 * Level 13.2 Spellcasting
 * Level 6.8 Conjurations
 * Level 8.9 Hexes
 * Level 5.8 Summonings
 + Level 3.6 Translocations
 * Level 6.7 Transmutations
 + Level 4.1 Fire Magic
 * Level 6.2 Air Magic
 + Level 4.3 Poison Magic


You had 9 spell levels left.
You knew the following spells:

 Your Spells              Type           Power        Failure   Level  Hunger
a - Apportation           Tloc           ######       1%          1    None
b - Blink                 Tloc           N/A          1%          2    None
c - Mephitic Cloud        Conj/Pois/Air  ######..     1%          3    None
d - Magic Dart            Conj           ####         1%          1    None
e - Searing Ray           Conj           ######       1%          2    None
f - Conjure Flame         Conj/Fire      ######..     1%          3    None
i - Iskenderun's Mystic   Conj/Tloc      ######..     1%          4    None
l - Summon Lightning Spi  Summ/Air       ######..     1%          4    None
u - Yara's Violent Unrav  Hex/Tmut       ######....   1%          5    ##.....
z - Dazzling Flash        Conj/Hex       ######       1%          3    None

Your spell library contained the following spells:

 Spells                   Type           Power        Failure   Level  Hunger
 Shock                    Conj/Air       ####         1%          1    None
 Summon Small Mammal      Summ           ####         1%          1    None
 Call Imp                 Summ           ######..     1%          2    None
 Slow                     Hex            #######.     1%          2    None
 Swiftness                Chrm/Air       ######..     1%          2    None
 Call Canine Familiar     Summ           ######..     1%          3    None
 Confusing Touch          Hex            #######.     1%          3    None
 Gell's Gravitas          Tloc           ######....   1%          3    None
 Static Discharge         Conj/Air       ######..     1%          3    None
 Summon Guardian Golem    Hex/Summ       ######..     1%          3    None
 Airstrike                Air            ######....   1%          4    None
 Fulminant Prism          Conj/Hex       ######....   1%          4    None
 Lightning Bolt           Conj/Air       ######....   2%          5    ##.....
 Petrify                  Tmut/Erth      ######..     3%          4    None
 Summon Ice Beast         Ice/Summ       #####...     4%          4    None
 Metabolic Englaciation   Hex/Ice        ######....   6%          5    ##.....


Dungeon Overview and Level Annotations

Branches:
Dungeon (11/15)            Temple (0/1) D:7            Lair (1/6) D:8
    Orc (2/2) D:11            Elf (0/3) Orc:2       Ossuary (visited)

Altars:
Ashenzari
Dithmenos
Fedhas
Hepliaklqana
Kikubaaqudgha
Makhleb
Nemelex Xobeh
Qazlal
Sif Muna
Trog
Uskayaw
Wu Jian

Shops:
D:7 *   D:9 [   Orc:2 =

Annotations:
D:6 exclusion: oklob plant
Orc:1 2 transporters, Teokik's ghost, adept GrFi


Innate Abilities, Weirdness & Mutations

You have a pair of small antennae on your head.
Your system is resistant to poisons. (rPois)


Message History

You see here a bullfrog corpse.
You hear a loud, deep croak!
You hear an angry hiss.
The spiny frog closely misses you.
You riposte.
You closely miss the spiny frog.
There is a staircase back to the Dungeon, spattered with blood here.
You hear an angry hiss.
The spiny frog stings you!
You climb upwards.
Welcome back to the Dungeon!
There is a staircase to the Lair here.
Casting: Iskenderun's Mystic Blast (safe; 1% risk of failure)
Confirm with . or Enter, or press ? or * to list all spells.
You feel a surge of power!
You blink.
The spiny frog stings you. The spiny frog stings you!!
* * * LOW HITPOINT WARNING * * *
Casting: Blink (safe; 1% risk of failure)
Confirm with . or Enter, or press ? or * to list all spells.
You feel a surge of power!
You blink.
Your protection from physical attacks is fading.
The spiny frog stings you!
You die...

....#..............##...##.....#.
....................'....[.....#.
.........)..........#..........#.
......_.............#..........+.
.........##'##.....##...########.
.............#..°○.######........
.............#..○..# #........
.............#°☼§§§# #........
.............#..@F○# #........
.............#÷....######........
.............########........####
.............# #........#...
.######......# #........'...
.#....#......# #........#...
.#....#......# #........#...
.#....#......# #######.....#...
.#....#......# #°.○☼○########..


You could see a spiny frog.

Vanquished Creatures
  Erica (D:9)
  An ogre mage (Orc:2)
  A centaur warrior (D:10)
  2 two-headed ogres
  2 orc high priests
  4 skeletal warriors
  An orc knight (Orc:2)
  A harpy (shapeshifter) (D:10)
  An orc sorcerer (Orc:2)
  An ugly thing (D:11)
  A cyclops (D:11)
  A black mamba (Lair:1)
  Maurice (Orc:2)
  A komodo dragon (D:8)
  7 trolls
  4 blink frogs
  A hornet (D:10)
  A slime creature (D:11)
  A wyvern (D:11)
  24 yaks
  Menkaure (Ossuary)
  A warg (Orc:2)
  2 acid dragons (D:8)
  2 ice beasts
  18 orc warriors
  2 sky beasts
  A black bear (D:5)
  13 ogres
  5 wolves
  An eye of draining (D:10)
  2 centaurs
  2 crocodiles
  A gnoll sergeant (D:4)
  A wyvern zombie (D:10)
  5 bullfrogs
  A water moccasin skeleton (D:9)
  2 scorpions
  5 killer bees (D:8)
  4 wights (D:6)
  5 crimson imps
  A bullfrog zombie (D:10)
  2 quasits
  5 hounds
  2 human zombies (Ossuary)
  3 centaur zombies
  7 jellies
  11 orc priests
  Jessica (D:3)
  2 bullfrog skeletons
  8 iguanas
  2 worker ants
  23 orc wizards
  4 ogre zombies (Ossuary)
  A hound zombie (D:5)
  8 mummies
  A hound skeleton (D:4)
  13 adders
  A howler monkey skeleton (D:11)
  3 shadow imps
  12 oozes (D:6)
  5 adder zombies
  3 adder skeletons
  6 worms
  A dart slug (D:3)
  3 leopard geckos
  75 orcs
  A ball python (D:3)
  3 giant cockroaches
  8 goblins
  12 hobgoblins
  12 jackals
  7 quokkas
  7 bats
  5 frilled lizards
  4 goblin zombies (Ossuary)
  3 hobgoblin zombies (Ossuary)
  10 kobolds
  4 kobold zombies
  A leopard gecko zombie (D:6)
  An orc zombie (D:7)
  8 quokka zombies (Ossuary)
  6 rats
  3 rat zombies (Ossuary)
429 creatures vanquished.

Vanquished Creatures (collateral kills)
  An orc warrior (D:8)
  An ogre (D:9)
  An orc (D:8)
3 creatures vanquished.

Vanquished Creatures (others)
  An ogre (D:7)
  11 fungi (D:6)
12 creatures vanquished.

Grand Total: 444 creatures vanquished

Notes
Turn   | Place    | Note
-------+----------+-------------------------------------------
     0 | D:1      | Esekla the Deep Elf Wizard began the quest for the Orb.
     0 | D:1      | Reached XP level 1. HP: 10/10 MP: 7/7
   519 | D:1      | Reached skill level 5 in Spellcasting
   525 | D:1      | Reached XP level 2. HP: 15/15 MP: 2/10
  1025 | D:2      | Learned a level 2 spell: Blink
  1045 | D:2      | Found a stormy altar of Qazlal.
  1124 | D:2      | Found a blossoming altar of Fedhas.
  1230 | D:2      | Reached XP level 3. HP: 19/19 MP: 8/12
  1273 | D:3      | Found a hazy altar of Hepliaklqana.
  1351 | D:2      | Learned a level 3 spell: Mephitic Cloud
  1355 | D:2      | Learned a level 3 spell: Conjure Flame
  1829 | D:2      | Reached skill level 6 in Spellcasting
  2463 | D:3      | Found a burning altar of Makhleb.
  2566 | D:3      | Reached skill level 1 in Fire Magic
  2566 | D:3      | Reached XP level 4. HP: 17/24 MP: 1/14
  2787 | D:3      | Noticed Jessica
  2928 | D:4      | Reached XP level 5. HP: 28/28 MP: 3/16
  3196 | D:3      | Killed Jessica
  3653 | D:2      | Reached skill level 7 in Spellcasting
  3827 | D:3      | Identified Jessica's Tome of Orientation
  3831 | D:3      | Learned a level 1 spell: Apportation
  4316 | D:4      | Reached skill level 1 in Poison Magic
  4316 | D:4      | Reached XP level 6. HP: 32/32 MP: 7/18
  4402 | D:4      | Learned a level 5 spell: Yara's Violent Unravelling
  4463 | D:4      | Reached skill level 1 in Air Magic
  4495 | D:4      | Reached skill level 1 in Hexes
  4832 | D:5      | Entered Level 5 of the Dungeon
  5088 | D:5      | Reached XP level 7. HP: 36/36 MP: 2/20
  5276 | D:5      | Reached skill level 1 in Transmutations
  5579 | D:4      | Found an ornate altar of the Wu Jian Council.
  5775 | D:2      | Became a worshipper of Qazlal Stormbringer
  5867 | D:5      | Reached skill level 8 in Spellcasting
  5956 | D:6      | Reached skill level 1 in Throwing
  6098 | D:6      | Found a sand-covered staircase.
  6136 | Ossuary  | Entered an ossuary
  6306 | Ossuary  | Reached skill level 1 in Short Blades
  6436 | Ossuary  | Reached * piety under Qazlal
  6677 | Ossuary  | Reached XP level 8. HP: 41/41 MP: 7/22
  7162 | Ossuary  | Noticed Menkaure
  7278 | Ossuary  | Killed Menkaure
  7278 | Ossuary  | Reached skill level 9 in Spellcasting
  7391 | D:6      | Reached ** piety under Qazlal
  7472 | D:6      | Found a shattered altar of Ashenzari.
  7655 | D:6      | Found a hide-covered altar of Uskayaw.
  7856 | D:5      | Found a shimmering blue altar of Sif Muna.
  7972 | D:5      | You fall into a shaft and drop 2 floors!
  8069 | D:7      | Reached skill level 5 in Dodging
  8237 | D:7      | Found a shadowy altar of Dithmenos.
  8455 | D:6      | Reached XP level 9. HP: 36/45 MP: 12/24
  8582 | D:6      | Noticed an oklob plant
  8645 | D:6      | Reached *** piety under Qazlal
  9165 | D:7      | Reached skill level 10 in Spellcasting
  9177 | D:7      | Found a staircase to the Ecumenical Temple.
  9400 | D:7      | Found Geata's Assorted Antiques.
  9403 | D:7      | Bought a scroll labeled JEINLO ADAE for 30 gold pieces
  9403 | D:7      | Bought a runed scimitar for 210 gold pieces
  9403 | D:7      | Bought a coppery potion for 27 gold pieces
  9403 | D:7      | Bought a puce potion for 27 gold pieces
  9537 | D:6      | Upgraded the game from 0.25-a0-510-ge065f6de7d to
                  | 0.25-a0-513-ge77a69270c
  9674 | D:8      | Reached skill level 1 in Long Blades
  9698 | D:8      | Found a staircase to the Lair.
  9701 | D:8      | Found a shimmering blue altar of Sif Muna.
  9845 | D:8      | Found an ancient bone altar of Kikubaaqudgha.
  9900 | D:8      | Found a transporter.
  9957 | D:8      | Noticed a two-headed ogre
  9992 | D:8      | Killed a two-headed ogre
 10081 | D:8      | Found a sparkling altar of Nemelex Xobeh.
 10104 | D:8      | Found a transporter.
 10291 | D:8      | Reached skill level 11 in Spellcasting
 10641 | D:8      | Learned a level 2 spell: Searing Ray
 10645 | D:8      | Learned a level 3 spell: Dazzling Flash
 10650 | D:8      | Learned a level 4 spell: Iskenderun's Mystic Blast
 10791 | D:9      | Learned a level 4 spell: Summon Lightning Spire
 10963 | D:9      | Found Oducw's Armour Shoppe.
 11020 | D:9      | Reached XP level 10. HP: 50/50 MP: 16/27
 11020 | D:9      | Reached **** piety under Qazlal
 11020 | D:9      | Reached skill level 5 in Hexes
 11116 | D:9      | Noticed Erica
 11130 | D:9      | Killed Erica
 11269 | Lair:1   | Entered Level 1 of the Lair of Beasts
 11960 | D:10     | Entered Level 10 of the Dungeon
 12008 | D:10     | Found a shattered altar of Ashenzari.
 12198 | D:10     | Reached XP level 11. HP: 36/54 MP: 14/28
 12280 | D:10     | Reached skill level 5 in Conjurations
 12477 | D:10     | Reached skill level 5 in Air Magic
 12479 | D:10     | Reached skill level 5 in Transmutations
 12485 | D:10     | Reached ***** piety under Qazlal
 12653 | D:10     | Noticed a centaur warrior
 12668 | D:10     | Killed a centaur warrior
 12782 | D:10     | Noticed a harpy
 12787 | D:10     | Killed a harpy
 13030 | D:11     | Noticed a brown ugly thing
 13044 | D:11     | Killed a brown ugly thing
 13314 | D:11     | Found a staircase to the Orcish Mines.
 13329 | D:11     | Noticed a skeletal warrior
 13331 | D:11     | Noticed a skeletal warrior
 13353 | D:11     | Noticed a skeletal warrior
 13357 | D:11     | Noticed a skeletal warrior
 13361 | D:11     | Killed a skeletal warrior
 13361 | D:11     | Reached skill level 12 in Spellcasting
 13762 | D:11     | Killed a skeletal warrior
 13762 | D:11     | Reached skill level 5 in Long Blades
 14155 | D:10     | Killed a skeletal warrior
 14307 | D:11     | Killed a skeletal warrior
 14413 | D:11     | Reached XP level 12. HP: 59/59 MP: 20/30
 14661 | D:11     | Gained mutation: Your system is resistant to poisons.
                  | (rPois) [potion of mutation]
 14661 | D:11     | Gained mutation: You have a pair of small antennae on your
                  | head. [potion of mutation]
 14692 | Orc:1    | Entered Level 1 of the Orcish Mines
 14692 | Orc:1    | Found a transporter.
 14711 | Orc:1    | Noticed an orc high priest
 14717 | Orc:1    | Noticed Teokik's ghost (adept GrFi)
 14906 | Orc:1    | Killed an orc high priest
 14996 | Orc:1    | Found a bloodstained altar of Trog.
 15042 | Orc:1    | Found a transporter.
 15291 | Orc:2    | Entered Level 2 of the Orcish Mines
 15338 | Orc:2    | Reached skill level 5 in Summonings
 15576 | Orc:2    | Found a staircase to the Elven Halls.
 15662 | Orc:2    | Found Samixady's Jewellery Shoppe.
 15745 | Orc:2    | Noticed Maurice
 15765 | Orc:2    | Killed Maurice
 15866 | Orc:2    | Noticed an ogre mage
 15878 | Orc:2    | Killed an ogre mage
 16159 | Orc:2    | Noticed a two-headed ogre
 16170 | Orc:2    | Killed a two-headed ogre
 16170 | Orc:2    | Reached skill level 13 in Spellcasting
 16279 | Orc:2    | Noticed an orc high priest
 16289 | Orc:2    | Killed an orc high priest
 16794 | Lair:1   | Reached ****** piety under Qazlal
 16807 | D:8      | Slain by a spiny frog

Levels and vault maps discovered:
D:1:      grunt_arrival_crossed_arrows, layout_basic
D:2:      layout_basic, old_standard_altar, fedhas_altar_2, serial_curves,
          eino_curves_02, eino_curves_01, eino_curves_01, eino_curves_03,
          kennysheep_doodads
D:3:      layout_loops_ring, old_standard_altar, makhleb_blood_cavern_becter,
          kennysheep_jessica_study
D:4:      layout_loops_ring, kennysheep_little_box, palyth_stone_intersect,
          hangedman_decor_slide_cut, minmay_ruptured
D:5:      layout_basic, first_ration, led_sif_pool
D:6:      lemuel_slime, layout_basic, marbit_many_paths, lemuel_crystal_altar,
          gup_ossuary_entry_pyramid
D:7:      layout_basic, nicolae_dithmenos_the_darkroom,
          minmay_temple_entry_wispy, serial_shops, kennysheep_mini,
          grunt_ogre_cave, minmay_mini_ossuary
D:8:      gammafunk_cloud_chamber, layout_gridville, kiku_gazebo_garden_becter,
          lemuel_doored_altar, lair_entry_dummy, basic_altar
D:9:      layout_basic, serial_shops, shop_statue, uniq_erica
D:10:     layout_irregular_city, ashenzari_altar_1
D:11:     hangedman_cross_stitches, layout_basic, orc_david_3,
          hangedman_abyss_or_decor_lesser_grid, kennysheep_generic_room_9
Lair:1:   layout_regular_city
Orc:1:    layout_caves, gammafunk_ghost_arena, trog_hazing_becter
Orc:2:    st_orc_elflike, layout_diamond_mine, serial_shops, shop,
          mines4_lemuel, uniq_maurice

Skill      XL: |  1  2  3  4  5  6  7  8  9 10 11 12 |
---------------+-------------------------------------+-----
Spellcasting   | 5 6 7 8 9 11 12 13 | 13.2
Fire Magic     | 1 2 3 4 |  4.1
Translocations | 2 3 |  3.6
Dodging        | 3 4 5 6 7 8 |  8.2
Poison Magic   | 1 2 3 4 |  4.3
Conjurations   | 2 3 4 6 |  6.8
Air Magic      | 1 2 3 4 5 6 |  6.2
Hexes          | 1 2 3 4 7 8 |  8.9
Transmutations | 1 2 3 4 6 |  6.7
Throwing       | 1 2 3 4 |  4.3
Short Blades   | 1 2 3 4 |  4.8
Long Blades    | 2 3 5 6 |  6.4
Summonings     | 4 5 |  5.8
Stealth        | |  2.4

Action                   |  1- 3 |  4- 6 |  7- 9 | 10-12 || total
-------------------------+-------+-------+-------+-------++-------
Melee: Dagger            |    23 |    30 |    51 |       ||   104
       Trident           |     2 |    22 |       |       ||    24
       Spear             |       |       |    62 |    17 ||    79
       Falchion          |       |       |    67 |       ||    67
       Scimitar          |       |       |    45 |   196 ||   241
Throw: Dart              |       |    35 |    81 |    82 ||   198
       Boomerang         |       |       |    34 |     3 ||    37
       Javelin           |       |       |    16 |     2 ||    18
 Cast: Magic Dart        |   102 |    93 |   269 |    31 ||   495
       Conjure Flame     |     9 |    15 |    30 |    15 ||    69
       Mephitic Cloud    |     5 |    19 |    32 |    39 ||    95
       Blink             |     4 |    12 |    25 |    20 ||    61
       Apportation       |       |    13 |    14 |     3 ||    30
       Searing Ray       |       |       |     2 |    79 ||    81
       Summon Lightning  |       |       |     1 |     1 ||     2
       Iskenderun's Myst |       |       |       |    20 ||    20
  Use: Scroll            |       |       |    21 |    10 ||    31
       Potion            |       |       |     5 |     4 ||     9
 Stab: Confused          |     2 |     4 |     8 |     6 ||    20
       Sleeping          |     2 |     1 |     6 |       ||     9
  Eat: Chunk             |     4 |     9 |     9 |    18 ||    40
       Ration            |       |       |     3 |       ||     3
Armor: Robe              |     8 |     8 |    58 |    66 ||   140
       Skin              |       |       |    15 |       ||    15
Dodge: Dodged            |    41 |    40 |   146 |   211 ||   438
       Deflected         |       |       |       |    13 ||    13
Block: Other             |       |       |    22 |    74 ||    96
       Rpst.: Falchion   |       |       |    18 |       ||    18
       Scimitar          |       |       |    15 |    50 ||    65

Table legend:
 A = Non-vault XP
 B = Vault XP
 C = Vault XP percentage of total XP
 D = Non-vault monster count
 E = Vault monster count
 F = Vault count percentage of total count
                 A         B        C        D         E       F
            +---------+---------+-------+---------+---------+-------
      Total |   26389 |    7554 |  22.3 |     326 |     107 |  24.7
            +---------+---------+-------+---------+---------+-------
        D:1 |      18 |       0 |   0.0 |      14 |       0 |   0.0
        D:2 |      64 |       2 |   3.0 |      22 |       1 |   4.3
        D:3 |     118 |      82 |  41.0 |      36 |       2 |   5.3
        D:4 |     322 |     111 |  25.6 |      16 |       2 |  11.1
        D:5 |     596 |       0 |   0.0 |      20 |       0 |   0.0
        D:6 |     870 |     231 |  21.0 |      29 |      16 |  35.6
        D:7 |     512 |      70 |  12.0 |      10 |       6 |  37.5
        D:8 |    3341 |     451 |  11.9 |      40 |       5 |  11.1
        D:9 |    2036 |     955 |  31.9 |      16 |       1 |   5.9
       D:10 |    6125 |       0 |   0.0 |      30 |       0 |   0.0
       D:11 |    5227 |    1640 |  23.9 |      27 |      18 |  40.0
     Lair:1 |    1333 |       0 |   0.0 |       8 |       0 |   0.0
      Orc:1 |    1887 |       9 |   0.5 |      18 |       6 |  25.0
      Orc:2 |    3940 |    3450 |  46.7 |      40 |      13 |  24.5
    Ossuary |       0 |     553 | 100.0 |       0 |      37 | 100.0
            +---------+---------+-------+---------+---------+-------
